[Event "Titled Tuesday Blitz August 1 Late 2023"]
[White "Altman, Joshua"]
[Black "aleksanchess"]
[WhiteFideId "426210"]
[WhiteElo "2532"]
[BlackElo "2251"]
[Result "1-0"]
[Round "1"]
[TimeControl "180+1"]
[Date "2023.08.01"]
[WhiteClock "0:00:13"]
[BlackClock "0:00:00"]
[Board "158"]

1. Nf3 d5 2. c4 d4 3. g3 Nc6 4. Bg2 e5 5. d3 Nf6 6. O-O h5 7. h4 Bg4 8. a3 a5 9. e3 Be7 10. exd4 Nxd4 11. Nc3 O-O 12. Be3 Nxf3+ 13. Bxf3 Bxf3 14. Qxf3 Ng4 15. Rad1 c6 16. Ne4 b5 17. c5 Qd5 18. Qe2 f5 19. Nc3 Qf7 20. Bg5 Bxc5 21. Qf3 f4 22. gxf4 exf4 23. Qxc6 Rac8 24. Qd5 Qxd5 25. Nxd5 Kh7 26. Nxf4 Bd6 27. Nxh5 Rf3 28. Kg2 Rf5 29. Ng3 Rd5 30. Ne4 Rf8 31. Nxd6 Rxd6 32. Rde1 Rf5 33. Re4 Nf6 34. Bxf6 gxf6 35. Rfe1 Rxd3 36. Re7+ Kg6 37. R1e3 Rxe3 38. fxe3 Rh5 39. Kg3 Rc5 40. Rb7 Re5 41. Kf4 Rh5 42. Kg4 Re5 43. Kf3 Rh5 44. b3 Rc5 45. Rb6 Rh5 46. b4 axb4 47. axb4 Rd5 48. Rc6 1-0


[Site "https://www.chess.com"]

[Event "Titled Tuesday Blitz August 1 Late 2023"]
[White "Pein, Malcolm"]
[Black "Olenik Campa, Rudi"]
[WhiteFideId "400289"]
[BlackFideId "14633264"]
[WhiteElo "2250"]
[BlackElo "2529"]
[Result "1-0"]
[Round "1"]
[TimeControl "180+1"]
[Date "2023.08.01"]
[WhiteClock "0:00:10"]
[BlackClock "0:00:00"]
[Board "159"]

1. d4 e6 2. e4 b6 3. Nc3 Bb7 4. Bd3 Nc6 5. Nf3 Nb4 6. Be2 Nf6 7. a3 Nc6 8. e5 Ng8 9. O-O Be7 10. d5 exd5 11. Nxd5 Bc5 12. b4 Be7 13. Bf4 Rc8 14. Qd2 h6 15. Bc4 g5 16. Bg3 Kf8 17. Qc3 Rh7 18. Rad1 h5 19. Qd3 Rg7 20. h3 g4 21. hxg4 hxg4 22. Nh2 Bh4 23. Qf5 Rg5 24. Qh7 Bxg3 25. fxg3 Rg7 26. Qf5 Nh6 27. Qf4 Qg5 28. Nf6 Qxf4 29. gxf4 d6 30. exd6 cxd6 31. Rxd6 Rg6 32. f5 Rg5 33. Nh7+ Kg7 34. Nxg5 Ne5 35. f6+ Kg6 36. Bd3+ Kxg5 37. Rd4 g3 38. Nf3+ Nxf3+ 39. gxf3 Nf5 40. Rg4+ Kxf6 41. Rf4 g2 42. Rxf5+ Ke6 43. Kxg2 Rg8+ 44. Kf2 Kd6 45. Re1 Kc7 46. Rxf7+ Kb8 47. Ree7 Bc6 48. Be4 1-0


[Site "https://www.chess.com"]

[Event "Titled Tuesday Blitz August 1 Late 2023"]
[White "Chor, Kevin"]
[Black "BrandonJiang123456"]
[WhiteFideId "2090740"]
[WhiteElo "2526"]
[BlackElo "2249"]
[Result "1-0"]
[Round "1"]
[TimeControl "180+1"]
[Date "2023.08.01"]
[WhiteClock "0:00:06"]
[BlackClock "0:00:02"]
[Board "160"]

1. e4 e5 2. Nf3 Nc6 3. Bb5 f5 4. d3 fxe4 5. dxe4 Nf6 6. O-O Bc5 7. Qd3 d6 8. Qc4 Bd7 9. Ng5 Qe7 10. Nc3 a6 11. Bxc6 bxc6 12. Be3 h6 13. Nf3 Bxe3 14. fxe3 c5 15. Rad1 Be6 16. Nd5 Nxd5 17. exd5 Bd7 18. Qe4 O-O 19. Nh4 Qg5 20. Ng6 Rxf1+ 21. Rxf1 Bg4 22. h4 Qh5 23. Ne7+ Kh8 24. Ng6+ Kg8 25. Ne7+ Kh8 26. c4 Be2 27. Rf2 Re8 28. Ng6+ Kg8 29. Rf5 Qxg6 30. Rf8+ Rxf8 31. Qxg6 Bxc4 32. Qe6+ Kh8 33. e4 Rf1+ 34. Kh2 Kh7 35. Qd7 Bxa2 36. Qxc7 Bc4 37. Qxd6 Rf2 38. Qxe5 Bf1 39. Kg3 Rxg2+ 40. Kf3 Rxb2 41. Qxb2 1-0


[Site "https://www.chess.com"]

[Event "Titled Tuesday Blitz August 1 Late 2023"]
[White "Broca Jimenez, Fernando"]
[Black "Kiremitciyan, Ari"]
[WhiteFideId "5104742"]
[BlackFideId "6373445"]
[WhiteElo "2230"]
[BlackElo "2526"]
[Result "1-0"]
[Round "1"]
[TimeControl "180+1"]
[Date "2023.08.01"]
[WhiteClock "0:02:00"]
[BlackClock "0:02:37"]
[Board "161"]

1. e4 e5 2. Nf3 Nc6 3. Bb5 g6 4. d4 exd4 5. Bg5 Be7 6. Bxe7 Qxe7 7. Bxc6 dxc6 8. Qxd4 Nf6 9. O-O Bg4 10. e5 Bxf3 11. exf6 Qe4 12. Qxe4+ Bxe4 13. Re1 1-0


[Site "https://www.chess.com"]

[Event "Titled Tuesday Blitz August 1 Late 2023"]
[White "Sreyas Payyappat"]
[Black "Da Matta, Eduardo Cesar"]
[WhiteFideId "46674969"]
[BlackFideId "2193108"]
[WhiteElo "2526"]
[BlackElo "2229"]
[Result "1-0"]
[Round "1"]
[TimeControl "180+1"]
[Date "2023.08.01"]
[WhiteClock "0:00:13"]
[BlackClock "0:00:19"]
[Board "162"]

1. e4 c5 2. Nf3 d6 3. d4 cxd4 4. Nxd4 Nf6 5. Nc3 Nc6 6. Bg5 e6 7. f4 a6 8. Qd2 Bd7 9. O-O-O Be7 10. Be2 h6 11. Bxf6 gxf6 12. Bf3 Qc7 13. Rhe1 O-O-O 14. Qe3 Kb8 15. Kb1 h5 16. Rd2 Na5 17. Qf2 Nc4 18. Rd3 Rc8 19. Red1 Qa5 20. Nb3 Qb4 21. Qd4 Qb6 22. Qxb6 Nxb6 23. h3 h4 24. Rd4 Rc7 25. Rb4 Ka7 26. Nd4 Rhc8 27. Rb3 Nc4 28. Be2 Ne3 29. Rd2 Nc4 30. Bxc4 Rxc4 31. Nf3 Bc6 32. Re2 b5 33. Nxh4 b4 34. Nd1 Bxe4 35. Ne3 Rd4 36. Nf3 Rxc2 37. Rxc2 Bxc2+ 38. Kxc2 Rxf4 39. Kd3 d5 40. Nd4 e5 41. Nc6+ 1-0


[Site "https://www.chess.com"]

[Event "Titled Tuesday Blitz August 1 Late 2023"]
[White "Kula, Robert"]
[Black "Estrada Nieto, Julian"]
[WhiteFideId "1101218"]
[BlackFideId "5101018"]
[WhiteElo "2228"]
[BlackElo "2525"]
[Result "1/2-1/2"]
[Round "1"]
[TimeControl "180+1"]
[Date "2023.08.01"]
[WhiteClock "0:00:53"]
[BlackClock "0:00:31"]
[Board "163"]

1. d4 d5 2. c4 dxc4 3. e3 Nf6 4. Bxc4 e6 5. Nf3 c5 6. O-O a6 7. a4 Nc6 8. Nc3 Be7 9. b3 O-O 10. Bb2 b6 11. dxc5 Bxc5 12. Qe2 Bb7 13. Rfd1 Qe7 14. Rac1 Na5 15. Ne5 Nxc4 16. Nxc4 Rfd8 17. h3 Rxd1+ 18. Rxd1 Rd8 19. Rd3 Rxd3 20. Qxd3 Nd5 21. Ne4 Bb4 22. Qd4 f6 23. Nxb6 Nxb6 24. Nxf6+ gxf6 25. Qxb6 Bc5 26. Bxf6 Bxb6 27. Bxe7 a5 28. b4 Kf7 29. Bd6 Bc6 30. bxa5 Bxa5 31. Bc5 Bxa4 32. f3 e5 33. Kf2 Ke6 34. Ba3 Bb5 35. Bb2 h5 36. g3 Bb6 37. Ba3 Kf6 38. Bd6 Bd7 39. g4 h4 40. f4 exf4 41. Bxf4 Kg6 42. Bd6 Bc6 43. Be7 1/2-1/2


[Site "https://www.chess.com"]

[Event "Titled Tuesday Blitz August 1 Late 2023"]
[White "Berezin, Viktor"]
[Black "Bashylina, Luisa"]
[WhiteFideId "14107872"]
[BlackFideId "12983292"]
[WhiteElo "2522"]
[BlackElo "2218"]
[Result "1-0"]
[Round "1"]
[TimeControl "180+1"]
[Date "2023.08.01"]
[WhiteClock "0:00:52"]
[BlackClock "0:00:05"]
[Board "164"]

1. d4 Nf6 2. Nf3 g6 3. g3 Bg7 4. Bg2 O-O 5. O-O d6 6. a4 c5 7. a5 a6 8. Nc3 Qc7 9. d5 Nbd7 10. Nd2 b5 11. axb6 Nxb6 12. h3 Bb7 13. e4 e5 14. f4 c4 15. f5 Qc5+ 16. Kh2 Rac8 17. g4 h6 18. Nf3 Kh7 19. Qe1 Nfd7 20. Qe2 Qc7 21. h4 Nc5 22. Be3 Rfe8 23. Qd2 Rcd8 24. f6 Bf8 25. h5 Bc8 26. g5 gxh5 27. gxh6 Qd7 28. Ng5+ Kh8 29. Bh3 Qc7 30. Bxc8 Rxc8 31. Qe2 Qd7 32. Qxh5 Rc7 33. Rg1 Nba4 34. h7 Nxc3 35. bxc3 a5 36. Ne6 Bh6 37. Rg8+ Rxg8 38. hxg8=Q+ Kxg8 39. Rg1+ Kh8 40. Qxh6# 1-0


[Site "https://www.chess.com"]

[Event "Titled Tuesday Blitz August 1 Late 2023"]
[White "Francisco_Ferrari"]
[Black "feuervogel1000000"]
[WhiteElo "2217"]
[BlackElo "2521"]
[Result "1-0"]
[Round "1"]
[TimeControl "180+1"]
[Date "2023.08.01"]
[WhiteClock "0:00:10"]
[BlackClock "0:01:03"]
[Board "165"]

1. e4 c5 2. Nf3 d6 3. d4 cxd4 4. Nxd4 Nf6 5. Nc3 a6 6. h3 e5 7. Nde2 h5 8. Bg5 Be6 9. Bxf6 Qxf6 10. Nd5 Qd8 11. Nec3 Nd7 12. Qd2 b5 13. a4 bxa4 14. Rxa4 Nc5 15. Ra1 g6 16. Bc4 Bh6 17. Qe2 O-O 18. O-O a5 19. Rfd1 Kg7 20. Nb5 Rb8 21. Ndc3 Rb6 22. Rxa5 Qb8 23. b4 Nb7 24. Bxe6 fxe6 25. Ra7 Rf7 26. Qc4 Nd8 27. Rxf7+ Nxf7 28. Ra1 Bd2 29. Ra7 Rb7 30. Rxb7 Qxb7 31. Qxe6 Bxc3 32. Nxc3 Qxb4 33. Qf6+ Kxf6 34. Nd5+ Ke6 35. Nxb4 Ng5 36. f3 h4 37. Nd5 Nf7 38. Kf2 Nd8 39. Ke3 g5 40. c3 Nc6 41. Kd3 Na5 42. c4 Nb3 43. Ne3 Nd4 44. Nc2 Nb3 45. Nb4 Nc5+ 46. Kc3 Kd7 47. Nd5 Ne6 48. Kb4 Kc6 49. Kc3 Kc5 50. Kd3 Nd4 51. Ne7 Ne6 52. Nf5 Kb4 53. Nxd6 Nf4+ 54. Ke3 Nxg2+ 55. Kf2 Nf4 56. Ke3 Nxh3 57. Nf5 Kxc4 58. Nh6 Nf4 59. Ng4 h3 60. Nxe5+ Kc3 61. Ng4 Kc4 62. Kf2 Kd4 63. Kg3 Kd3 64. Nf2+ Ke2 65. Nxh3 Ne6 66. Kg4 Ke3 67. Nxg5 Nf8 68. e5 Kd4 69. f4 Kd5 70. Kf5 Kc5 71. e6 Kd6 72. Kf6 1-0


[Site "https://www.chess.com"]

[Event "Titled Tuesday Blitz August 1 Late 2023"]
[White "Gasparyan, David"]
[Black "De Souza, Cristiano Gomes"]
[WhiteFideId "13311980"]
[BlackFideId "2151758"]
[WhiteElo "2520"]
[BlackElo "2212"]
[Result "1/2-1/2"]
[Round "1"]
[TimeControl "180+1"]
[Date "2023.08.01"]
[WhiteClock "0:00:29"]
[BlackClock "0:00:21"]
[Board "166"]

1. e4 c5 2. Nc3 d6 3. f4 Nc6 4. g3 g6 5. Bg2 Bg7 6. Nf3 Nf6 7. O-O O-O 8. d3 Bg4 9. Be3 Ne8 10. h3 Bxf3 11. Bxf3 Nc7 12. Rb1 Ne6 13. Bg2 Ned4 14. Ne2 Nxe2+ 15. Qxe2 Nd4 16. Qf2 Rb8 17. c3 Nc6 18. d4 b6 19. e5 cxd4 20. cxd4 Na5 21. Rfc1 Rc8 22. Qe2 Qd7 23. b4 Nc6 24. a3 dxe5 25. dxe5 Nb8 26. Qa2 Rxc1+ 27. Rxc1 Rc8 28. Rxc8+ Qxc8 29. Qd5 Qc7 30. Kh2 e6 31. Qb7 Qxb7 32. Bxb7 Bf8 33. Kg2 a5 34. bxa5 bxa5 35. a4 Bb4 36. Kf3 Kg7 37. Ke2 Nd7 38. Bd4 Nc5 39. Bc6 Kf8 40. g4 Ke7 41. h4 h6 42. h5 gxh5 43. gxh5 Nd7 44. Be3 f6 45. Bxd7 Kxd7 46. exf6 Ke8 47. f5 exf5 48. Bxh6 Kf7 49. Bg7 Bc3 50. Kf3 Bxf6 51. Bxf6 Kxf6 52. Kf4 Ke6 53. Kg5 Ke5 54. h6 f4 55. h7 Ke4 56. h8=Q f3 57. Qb2 Ke3 58. Qc1+ Ke2 59. Qc4+ Ke3 60. Qc3+ Ke2 61. Qd4 f2 62. Qe4+ Kd1 63. Qd3+ Ke1 64. Qe3+ Kf1 65. Kf5 Kg2 66. Qe2 Kg1 67. Qg4+ Kh2 68. Qf3 Kg1 69. Qxf2+ Kxf2 70. Ke4 Kg3 71. Kd4 Kf4 72. Kc5 Ke5 73. Kb5 Kd6 74. Kb6 Kd7 75. Kxa5 Kc7 76. Ka6 Kb8 77. Kb6 Ka8 78. a5 Kb8 79. a6 Ka8 80. a7 1/2-1/2


[Site "https://www.chess.com"]

[Event "Titled Tuesday Blitz August 1 Late 2023"]
[White "campochess"]
[Black "Tikhonov, Viacheslav"]
[BlackFideId "44196407"]
[WhiteElo "2206"]
[BlackElo "2520"]
[Result "0-1"]
[Round "1"]
[TimeControl "180+1"]
[Date "2023.08.01"]
[WhiteClock "0:00:59"]
[BlackClock "0:00:20"]
[Board "167"]

1. d4 Nf6 2. Bg5 Ne4 3. h4 d5 4. Nd2 Nd6 5. e3 h6 6. Bf4 g6 7. Be5 f6 8. Bh2 Bg7 9. Bd3 f5 10. Ne2 O-O 11. Nf4 Kh7 12. h5 g5 13. Nxd5 e6 14. Nc3 b6 15. g4 Bb7 16. Rg1 Kh8 17. gxf5 Nxf5 18. Be4 Bxe4 19. Ndxe4 Nh4 20. f4 Nc6 21. Qg4 Nf5 22. fxg5 Nxe3 23. Qe2 Nxd4 24. Qd3 Nexc2+ 25. Kd2 Nxa1 26. Rxa1 Nf3+ 27. Kc2 Qxd3+ 28. Kxd3 Nxh2 29. gxh6 Bxh6 30. Rh1 Rad8+ 31. Kc4 Ng4 32. Re1 Ne5+ 33. Kb3 Nd3 34. Re2 Nc1+ 35. Ka4 Nxe2 36. Nxe2 Rf4 37. Nc3 Rxe4+ 38. Nxe4 Rd4+ 0-1


[Site "https://www.chess.com"]

[Event "Titled Tuesday Blitz August 1 Late 2023"]
[White "Shubenkova, Veronika"]
[Black "Skytte, Rasmus"]
[WhiteFideId "44124040"]
[BlackFideId "1404210"]
[WhiteElo "2518"]
[BlackElo "2206"]
[Result "0-1"]
[Round "1"]
[TimeControl "180+1"]
[Date "2023.08.01"]
[WhiteClock "0:01:13"]
[BlackClock "0:00:18"]
[Board "168"]

1. e4 c6 2. d4 d5 3. Nc3 dxe4 4. Nxe4 Nf6 5. Nxf6+ exf6 6. Bd3 Bd6 7. c3 O-O 8. Ne2 Re8 9. Qc2 Nd7 10. Be3 Nf8 11. O-O-O Be6 12. c4 b5 13. c5 Bc7 14. Kb1 a5 15. Nf4 a4 16. Nxe6 Rxe6 17. Bf5 Re8 18. Be4 Ra6 19. d5 cxd5 20. Rxd5 Qb8 21. Rhd1 b4 22. Qc4 Rae6 23. Bf5 Re5 24. Rxe5 Rxe5 25. Bc2 a3 26. Bb3 Ne6 27. Bc1 Rxc5 28. Qg4 Qe8 29. Re1 Re5 30. Rxe5 Bxe5 31. bxa3 bxa3 32. Bxa3 Nd4 33. f4 Nxb3 34. fxe5 Nd2+ 35. Kc2 Nf1 36. Qf4 Qc6+ 37. Kb3 Qxg2 38. exf6 gxf6 39. Qxf6 Nd2+ 40. Ka4 Qe4+ 41. Bb4 Nc4 42. Qg5+ Kh8 43. Qd8+ Kg7 44. Qf8+ Kg6 45. Qg8+ Kh5 46. Qb8 Ne5 47. a3 Qc2+ 48. Kb5 Qc6+ 49. Ka5 Nc4# 0-1


[Site "https://www.chess.com"]

[Event "Titled Tuesday Blitz August 1 Late 2023"]
[White "Petersson, Kjell"]
[Black "ATM622"]
[WhiteFideId "1705148"]
[WhiteElo "2194"]
[BlackElo "2517"]
[Result "0-1"]
[Round "1"]
[TimeControl "180+1"]
[Date "2023.08.01"]
[WhiteClock "0:00:07"]
[BlackClock "0:00:53"]
[Board "169"]

1. d4 Nf6 2. Bf4 e6 3. e3 d5 4. Nf3 Bd6 5. Nbd2 O-O 6. Bg3 c5 7. c3 Nc6 8. Bd3 Re8 9. Ne5 Qc7 10. Nxc6 Qxc6 11. Bxd6 Qxd6 12. f4 b6 13. O-O Bb7 14. Nf3 Rac8 15. Ne5 Ne4 16. Rf3 f6 17. Ng4 c4 18. Bc2 Kf7 19. Rh3 h6 20. Nf2 Rh8 21. Qf3 f5 22. g4 g6 23. Rf1 Nd2 24. Qe2 Nxf1 25. Qxf1 b5 26. a3 a5 27. Qe1 Bc6 28. Kh1 Rb8 29. Rg3 b4 30. axb4 axb4 31. gxf5 exf5 32. Qg1 bxc3 33. bxc3 Rhg8 34. Nd1 Qf6 35. h3 Ra8 36. Qg2 Ra2 37. Qe2 Ba4 0-1


[Site "https://www.chess.com"]

[Event "Titled Tuesday Blitz August 1 Late 2023"]
[White "Wartiovaara, Oliver"]
[Black "Osmonbekov, Talaibek"]
[WhiteFideId "513024"]
[BlackFideId "2017253"]
[WhiteElo "2517"]
[BlackElo "2189"]
[Result "1-0"]
[Round "1"]
[TimeControl "180+1"]
[Date "2023.08.01"]
[WhiteClock "0:01:15"]
[BlackClock "0:00:03"]
[Board "170"]

1. d4 e6 2. Nc3 Bb4 3. e4 d5 4. e5 Ne7 5. a3 Bxc3+ 6. bxc3 c5 7. Qg4 O-O 8. Bd3 c4 9. Bh6 Ng6 10. Bxg6 fxg6 11. Be3 Qa5 12. Ne2 Qa4 13. Kd2 Nc6 14. h4 Ne7 15. h5 Qe8 16. h6 Nf5 17. hxg7 Rf7 18. Bg5 Nxg7 19. Bf6 Nh5 20. Rxh5 Rxf6 21. exf6 e5 22. Rxe5 Bxg4 23. Rxe8+ Rxe8 24. f3 Be6 25. Nf4 Kf7 26. Rb1 b6 27. Rb5 Rd8 28. a4 Kxf6 29. a5 Rd6 30. axb6 axb6 31. Ke3 g5 32. Nh5+ Kg6 33. g4 Bd7 34. Rb1 Re6+ 35. Kf2 b5 36. Ra1 Rd6 37. Ra8 Be6 38. Rb8 Bd7 39. Rg8+ Kh6 40. Rf8 Kg6 41. Kg3 Re6 42. f4 Re3+ 43. Kf2 Rxc3 44. Rf6# 1-0


[Site "https://www.chess.com"]

[Event "Titled Tuesday Blitz August 1 Late 2023"]
[White "Feliz Dotel, Dewar Bienvenido"]
[Black "Moral Garcia, Serafin"]
[WhiteFideId "6402801"]
[BlackFideId "2201925"]
[WhiteElo "2150"]
[BlackElo "2517"]
[Result "0-1"]
[Round "1"]
[TimeControl "180+1"]
[Date "2023.08.01"]
[WhiteClock "0:00:00"]
[BlackClock "0:00:42"]
[Board "171"]

1. d4 Nf6 2. e3 g6 3. Nf3 Bg7 4. Be2 O-O 5. b4 a5 6. b5 c5 7. Bb2 b6 8. O-O d6 9. a4 Bb7 10. c4 e6 11. dxc5 dxc5 12. Qxd8 Rxd8 13. Bxf6 Bxf6 14. Ra2 Nd7 15. Rd2 Ne5 16. Nxe5 Bxe5 17. Bf3 Bxf3 18. gxf3 Kf8 19. Rfd1 Rxd2 20. Rxd2 Ke7 21. f4 Bf6 22. Kf1 h6 23. Ke2 g5 24. fxg5 hxg5 25. Kf3 Rh8 26. Kg2 Rh4 27. Rc2 Rg4+ 28. Kh1 Be5 29. h3 Rh4 30. Kg2 f5 31. Nd2 g4 32. hxg4 Rxg4+ 33. Kf1 Bf6 34. Nf3 e5 35. Ke2 e4 36. Ne1 Be5 37. Rd2 Bd6 38. Rd5 Ke6 39. Kf1 Rh4 40. Kg1 f4 41. exf4 Rxf4 42. Ng2 Rf3 43. Rh5 Ra3 44. Ne3 Rxa4 45. Rh6+ Kd7 46. Rh7+ Ke8 47. Rh8+ Kf7 48. Rh7+ Kg6 49. Rb7 Bf4 50. Rxb6+ Kg5 51. Nd5 Rxc4 52. Ra6 a4 53. b6 Be5 54. Ne3 Rc1+ 55. Kg2 Rb1 56. Ra5 Bd4 57. Ra6 Kf4 58. Nd5+ Ke5 59. Ne3 a3 60. b7 Rxb7 61. Rxa3 Rc7 62. Ra2 c4 63. Rc2 c3 64. Ng4+ Kf4 65. Ne3 Bxe3 66. fxe3+ Kxe3 67. Kf1 Kd3 68. Rc1 Kd2 69. Ra1 c2 70. Ra2 e3 71. Rb2 e2+ 72. Kf2 e1=Q+ 0-1


[Site "https://www.chess.com"]

[Event "Titled Tuesday Blitz August 1 Late 2023"]
[White "Petesch, Gabriel"]
[Black "Vila Dupla, Aurelio"]
[WhiteFideId "2032465"]
[BlackFideId "2203383"]
[WhiteElo "2516"]
[BlackElo "2150"]
[Result "1-0"]
[Round "1"]
[TimeControl "180+1"]
[Date "2023.08.01"]
[WhiteClock "0:00:31"]
[BlackClock "0:00:21"]
[Board "172"]

1. e4 c5 2. Nf3 d6 3. Nc3 Nc6 4. Bc4 g6 5. d4 cxd4 6. Nxd4 Bg7 7. Be3 Nf6 8. O-O O-O 9. f3 Bd7 10. Qe2 a6 11. Rad1 Ne5 12. Bb3 Rc8 13. Nd5 b5 14. Bc1 Nc4 15. Rfe1 e6 16. Nxf6+ Qxf6 17. c3 Rfd8 18. Nc2 Be8 19. Ne3 Nxe3 20. Bxe3 Qe7 21. Bb6 Rd7 22. Bd4 Bxd4+ 23. Rxd4 Rcd8 24. Red1 Rc7 25. R4d2 Rc6 26. Qe3 Rdc8 27. Kf2 R8c7 28. Kg1 Qf8 29. Qd4 Qe7 30. a3 Qg5 31. Qf2 Qe7 32. Qg3 e5 33. Bd5 Rc5 34. h4 Bd7 35. Bb3 R5c6 36. Bd5 Rc5 37. h5 Be6 38. Bxe6 Qxe6 39. Rxd6 Qf6 40. h6 Rc8 41. Rxf6 1-0


[Site "https://www.chess.com"]

[Event "Titled Tuesday Blitz August 1 Late 2023"]
[White "Aung Thant Zin"]
[Black "Vovk, Orest"]
[WhiteFideId "13000063"]
[BlackFideId "14113490"]
[WhiteElo "2149"]
[BlackElo "2515"]
[Result "0-1"]
[Round "1"]
[TimeControl "180+1"]
[Date "2023.08.01"]
[WhiteClock "0:00:00"]
[BlackClock "0:00:03"]
[Board "173"]

1. e4 g5 2. d4 g4 3. Nc3 Bg7 4. Be3 d6 5. h3 h5 6. hxg4 hxg4 7. Rxh8 Bxh8 8. Be2 Nf6 9. Bg5 c6 10. Bxf6 Bxf6 11. Bxg4 Bxd4 12. Qxd4 Bxg4 13. f3 Be6 14. O-O-O Qa5 15. f4 Bxa2 16. b3 Qa3+ 17. Kd2 Bxb3 18. cxb3 Qb2+ 19. Ke3 Qxg2 20. Nf3 Qc2 21. Rg1 f6 22. Rg8+ Kd7 23. Qb4 b6 24. Qc4 b5 25. Qd3 Qxb3 26. Rh8 b4 27. Ne2 Qxd3+ 28. Kxd3 a5 29. Kc4 a4 30. Nfd4 a3 31. Nc1 c5 32. Ndb3 Kc6 33. f5 Nd7 34. Rxa8 Nb6+ 35. Kd3 c4+ 36. Kc2 cxb3+ 37. Kxb3 Nxa8 38. Kxb4 d5 39. exd5+ Kxd5 40. Kxa3 Ke4 41. Kb4 Kxf5 42. Kc5 Nc7 43. Kc6 Na6 44. Kb5 Nb8 45. Kc5 e5 46. Nd3 e4 47. Ne1 Kf4 48. Kd4 f5 49. Ng2+ Kf3 50. Ne3 f4 51. Nc2 e3 52. Ne1+ Ke2 53. Ng2 Kf3 54. Ne1+ Kg4 55. Ke4 Nc6 56. Nd3 e2 57. Ne1 Nb4 58. Nf3 Kg3 59. Ne1 Kf2 60. Nf3 Kg3 0-1


[Site "https://www.chess.com"]

[Event "Titled Tuesday Blitz August 1 Late 2023"]
[White "Kanakaris, Georgios"]
[Black "ayme97"]
[WhiteFideId "4209460"]
[WhiteElo "2515"]
[BlackElo "2146"]
[Result "1-0"]
[Round "1"]
[TimeControl "180+1"]
[Date "2023.08.01"]
[WhiteClock "0:00:59"]
[BlackClock "0:00:08"]
[Board "174"]

1. d4 Nf6 2. Nf3 g6 3. g3 Bg7 4. Bg2 O-O 5. O-O d6 6. b3 c5 7. Bb2 cxd4 8. Nxd4 Qa5 9. c4 Qh5 10. e3 Bg4 11. f3 Bd7 12. Nc3 Nc6 13. Nxc6 Bxc6 14. Qe2 a6 15. a4 Rac8 16. Rac1 h6 17. Rfd1 Rfd8 18. e4 g5 19. Nd5 Bxd5 20. cxd5 g4 21. f4 Nd7 22. Bxg7 Kxg7 23. Qe3 Nc5 24. a5 Qg6 25. b4 Na4 26. Qa3 b5 27. axb6 Nxb6 28. Qxa6 Rxc1 29. Rxc1 Nd7 30. Qa5 Rb8 31. Qc7 Nf6 32. Qxb8 Nxe4 33. Qa7 Nd2 34. Qd4+ 1-0


[Site "https://www.chess.com"]

[Event "Titled Tuesday Blitz August 1 Late 2023"]
[White "Tarnowska, Aleksandra"]
[Black "Prado Lobo, Jonas"]
[WhiteFideId "1180967"]
[BlackFideId "32050666"]
[WhiteElo "2130"]
[BlackElo "2514"]
[Result "0-1"]
[Round "1"]
[TimeControl "180+1"]
[Date "2023.08.01"]
[WhiteClock "0:00:00"]
[BlackClock "0:00:38"]
[Board "175"]

1. e4 Nf6 2. e5 Nd5 3. Bc4 Nb6 4. Bb3 d6 5. Nf3 Nc6 6. e6 Bxe6 7. Bxe6 fxe6 8. Ng5 Qd7 9. Qg4 e5 10. Qf3 Nd8 11. Nc3 Qc6 12. Qh3 d5 13. Nxh7 Nf7 14. d3 Nd7 15. Bd2 O-O-O 16. O-O-O Kb8 17. Qf5 Nh6 0-1


[Site "https://www.chess.com"]

[Event "Titled Tuesday Blitz August 1 Late 2023"]
[White "Cremisi, Daniel"]
[Black "Ardito, Andrew"]
[WhiteFideId "2089882"]
[BlackFideId "2033976"]
[WhiteElo "2514"]
[BlackElo "2112"]
[Result "1-0"]
[Round "1"]
[TimeControl "180+1"]
[Date "2023.08.01"]
[WhiteClock "0:02:37"]
[BlackClock "0:00:53"]
[Board "176"]

1. d4 Nf6 2. c4 g6 3. Nc3 Bg7 4. e4 O-O 5. h3 d6 6. Bg5 c6 7. Nf3 Qa5 8. Qd2 e5 9. d5 cxd5 10. Nxd5 Qxd2+ 11. Nxd2 Nxd5 12. cxd5 f6 13. Be3 f5 14. f3 b6 15. Bb5 Ba6 16. a4 Bxb5 17. axb5 Nd7 18. Ke2 Nc5 19. Bxc5 bxc5 20. Ra5 Rfb8 21. Rha1 Rb7 22. Nc4 Bf8 23. b6 Rab8 24. Rxa7 fxe4 25. fxe4 Be7 26. Rxb7 Rxb7 27. Ra7 1-0


[Site "https://www.chess.com"]

[Event "Titled Tuesday Blitz August 1 Late 2023"]
[White "FromTexas54"]
[Black "ilya2700"]
[WhiteElo "2511"]
[BlackElo "2083"]
[Result "1-0"]
[Round "1"]
[TimeControl "180+1"]
[Date "2023.08.01"]
[WhiteClock "0:01:38"]
[BlackClock "0:00:00"]
[Board "178"]

1. Nf3 Nf6 2. g3 d5 3. Bg2 e6 4. O-O Be7 5. d3 O-O 6. Nbd2 Nbd7 7. e4 b6 8. e5 Ne8 9. Re1 Bb7 10. h4 c5 11. Nf1 Rc8 12. h5 h6 13. N1h2 c4 14. Ng4 cxd3 15. cxd3 f5 16. exf6 Ndxf6 17. Nxf6+ Rxf6 18. Ne5 Qc7 19. Bf4 Bd6 20. Rc1 Qd8 21. Rxc8 Qxc8 22. Qg4 Qc5 23. Ng6 e5 24. Bxe5 Qxf2+ 25. Kh2 Qxe1 26. Qd7 Bc6 27. Qxc6 Re6 28. Qxd5 Kf7 29. Bxd6 Nxd6 30. Nf4 Nf5 31. Qxf5+ Rf6 32. Bd5+ Kf8 33. Qc8+ Qe8 34. Ng6+ Rxg6 35. Qxe8+ 1-0


[Site "https://www.chess.com"]

[Event "Titled Tuesday Blitz August 1 Late 2023"]
[White "Hartikainen, Jarmo"]
[Black "Rottenwohrer Suarez, Juan"]
[WhiteFideId "503134"]
[BlackFideId "32068182"]
[WhiteElo "2082"]
[BlackElo "2510"]
[Result "0-1"]
[Round "1"]
[TimeControl "180+1"]
[Date "2023.08.01"]
[WhiteClock "0:00:14"]
[BlackClock "0:00:46"]
[Board "179"]

1. e4 c6 2. d4 d5 3. Nd2 dxe4 4. Nxe4 Nf6 5. Nxf6+ exf6 6. Bf4 Bd6 7. Qf3 O-O 8. Bd3 Re8+ 9. Ne2 Qc7 10. Bxd6 Qxd6 11. h4 Qxd4 12. O-O-O Qa4 13. h5 Bg4 14. Qg3 Bxe2 15. Bxe2 Qxa2 16. h6 g6 17. Qc7 Qa1+ 18. Kd2 Qxb2 19. Rh3 Na6 20. Qf4 Rad8+ 21. Bd3 Nc5 22. Re1 Nb3+ 23. Kd1 Qb1+ 0-1


[Site "https://www.chess.com"]

[Event "Titled Tuesday Blitz August 1 Late 2023"]
[White "Mattheii"]
[Black "Winkels, Marcel"]
[BlackFideId "1003887"]
[WhiteElo "2509"]
[BlackElo "2082"]
[Result "1-0"]
[Round "1"]
[TimeControl "180+1"]
[Date "2023.08.01"]
[WhiteClock "0:00:18"]
[BlackClock "0:00:13"]
[Board "180"]

1. c4 g6 2. d4 Bg7 3. Nc3 Nf6 4. e4 O-O 5. h3 c6 6. e5 Ne8 7. Nf3 d6 8. exd6 exd6 9. Bd3 d5 10. cxd5 cxd5 11. O-O Nf6 12. Bf4 Nc6 13. Qb3 b6 14. Rac1 Na5 15. Qc2 Bb7 16. Rfe1 Rc8 17. Qd2 Nc4 18. Qe2 Re8 19. Qc2 a6 20. b3 Nd6 21. Rxe8+ Nfxe8 22. Qe2 Nf6 23. Bxa6 Bxa6 24. Qxa6 Nfe4 25. Nxd5 Rxc1+ 26. Bxc1 Nf5 27. Qb7 Ned6 28. Qc6 b5 29. Bf4 h6 30. g4 g5 31. Bh2 Nxd4 32. Nxd4 Bxd4 33. Qxd6 Qc8 34. Ne7+ Kg7 35. Nxc8 Bxf2+ 36. Kxf2 h5 37. Be5+ Kh7 38. Qf6 1-0


[Site "https://www.chess.com"]

[Event "Titled Tuesday Blitz August 1 Late 2023"]
[White "Semenova, Alina"]
[Black "Mindhunter08"]
[WhiteFideId "24113875"]
[WhiteElo "2081"]
[BlackElo "2509"]
[Result "0-1"]
[Round "1"]
[TimeControl "180+1"]
[Date "2023.08.01"]
[WhiteClock "0:00:02"]
[BlackClock "0:00:10"]
[Board "181"]

1. e4 e5 2. Nf3 Nc6 3. Bb5 a6 4. Ba4 Nf6 5. O-O Be7 6. Re1 b5 7. Bb3 d6 8. d4 exd4 9. Nxd4 Nxd4 10. Qxd4 c5 11. Qe3 c4 12. e5 dxe5 13. Qxe5 cxb3 14. Bg5 Be6 15. axb3 O-O 16. Nc3 Qb6 17. Qg3 Kh8 18. h4 Rac8 19. h5 Nxh5 20. Qh4 Bxg5 21. Qxg5 Nf6 22. Re3 b4 23. Ne4 Nxe4 24. Rxe4 Rxc2 25. Rh4 Qxf2+ 26. Kh1 f6 27. Rg4 0-1


[Site "https://www.chess.com"]